 Dungeon Crawl Stone Soup version 0.30-a0-672-gc3a7216ad8 (webtiles) character file.

Game seed: 2315293652629239946

67 KennySheep the Stinger (level 4, 0/36 HPs)
             Began as a Naga Venom Mage on Jan 18, 2023.
             Was an Initiate of Gozag.
             Slain by a gnoll
             ... wielding a +0 spear
              (4 damage)
             ... on level 3 of the Dungeon.
             The game lasted 00:04:27 (2074 turns).

KennySheep the Stinger (Naga Venom Mage)            Turns: 2074, Time: 00:04:28

Health: 0/36       AC:  2    Str: 10    XL:     4   Next: 18%
Magic:  4/7        EV: 10    Int: 17    God:    Gozag
Gold:   88         SH:  0    Dex: 12    Spells: 4/8 levels left

rFire   . . .      SeeInvis +    i - +3 dagger
rCold   . . .      Faith    .    (no shield)
rNeg    . . .      Spirit   .    a - +0 robe
rPois   +          Reflect  .    (no helmet)
rElec   .          Harm     .    (no cloak)
rCorr   .          Rampage  .    (no gloves)
Will    .....                    (no barding)
Stlth   ++                       (no amulet)
HPRegen 0.26/turn                (no ring)
MPRegen 0.10/turn                (no ring)

@: gold aura, very slow
A: AC +1, large, see invisible, deformed body, poison resistance, slowness 2,
spit poison 1, naga tail 1
a: Spit Poison, Renounce Religion, Potion Petition, Call Merchant, Bribe Branch


You were on level 3 of the Dungeon.
You worshipped Gozag.
Gozag was noncommittal.
You visited 1 branch of the dungeon, and saw 3 of its levels.

You collected 111 gold pieces.
You paid 23 gold pieces to Gozag.

Inventory:

Hand Weapons
 d - a +0 dagger
 i - a +3 dagger (weapon)
Armour
 a - a +0 robe (worn)
Scrolls
 c - 2 scrolls of teleportation {unknown}
 j - a scroll of vulnerability {unknown}
 k - 2 scrolls of amnesia {unknown}
 m - a scroll of identify {unknown}
Potions
 b - a potion of magic
 e - 2 potions of mutation {unknown}
 f - a potion of haste {unknown}
 g - a potion of degeneration {unknown}
 h - a potion of lignification {unknown}
 l - a potion of attraction {unknown}


   Skills:
 - Level 1.5 Dodging
 + Level 4.2 Stealth
 + Level 2.5 Spellcasting
 - Level 1.0 Transmutations
 * Level 5.4 Poison Magic


You had 4 spell levels left.
You knew the following spells:

 Your Spells              Type           Power      Damage    Failure   Level
a - Sting                 Tmut/Pois      52%        1d5       4%          1
b - Mephitic Cloud        Conj/Pois/Air  8%         N/A       26%         3

Your spell library contained the following spells:

 Spells                   Type           Power      Damage    Failure   Level
 Poisonous Vapours        Pois/Air       22%        N/A       9%          2
 Olgreb's Toxic Radiance  Pois           20%        N/A       19%         4
 Dazzling Flash           Conj/Hex       4%         N/A       50%         3
 Agony                    Necr           2%         N/A       99%         5
 Silence                  Hex/Air        1%         N/A       99%         5


Dungeon Overview and Level Annotations

Branches:
Dungeon (3/15)

Altars:
Gozag


Innate Abilities, Weirdness & Mutations

Your serpentine skin is tough. (AC +1)
You have supernaturally acute eyesight. (SInv)
Armour fits poorly on your strangely shaped body.
Your system is resistant to poisons. (rPois)
You cover ground very slowly.
You can spit poison.
You have a snake-like lower body.


Message History

The gnoll is moderately wounded.
The gnoll hits you but does no damage.
The sting hits the gnoll.
The gnoll looks even sicker.
The gnoll is moderately wounded.
The gnoll hits you from afar with a +0 spear.
Found 11 gold pieces.
The sting hits the gnoll but does no damage.
The gnoll is poisoned.
The sting misses the gnoll.
The sting hits the gnoll but does no damage.
The gnoll looks even sicker.
The gnoll is heavily wounded.
The gnoll hits you from afar with a +0 spear.
The sting hits the gnoll.
The gnoll looks even sicker.
The gnoll is moderately wounded.
The gnoll hits you from afar with a +0 spear.
The sting hits the gnoll.
The gnoll looks even sicker.
The gnoll is heavily wounded.
The gnoll hits you from afar with a +0 spear.
* * * LOW HITPOINT WARNING * * *
The sting hits the gnoll.
The gnoll looks as sick as possible!
The gnoll is heavily wounded.
The gnoll misses you.
Okay, then.
Magic courses through your body.
You kill the gnoll!
The gnoll closely misses you.
You have reached level 4!
You feel agile.
The sting hits the gnoll.
The gnoll looks as sick as possible!
You kill the gnoll!
The sting hits the gnoll but does no damage.
The gnoll is poisoned.
The gnoll hits you from afar with a +0 spear!
* * * LOW HITPOINT WARNING * * *
The sting hits the gnoll.
The gnoll looks even sicker.
The gnoll is moderately wounded.
The gnoll hits you from afar with a +0 spear.
You die...
Your body crumbles into a pile of gold.

.......#...####........#...gg..
.......................##g.....
########.#.########....# ....#.
#.#... #....# ..... #.#.###
####g...# ...## #.#.# #$......#
..# ###.. #g####### ..# #.# #@#
#........ ......... .##.......
.. ######$ .. ###


You could see a gnoll (very poisoned).

Vanquished Creatures
  2 gnolls (D:3)
  An adder (D:2)
  A worm (D:2)
  A dart slug (D:1)
  A ball python (D:1)
  2 endoplasms (D:1)
  2 giant cockroaches
  6 goblins
  5 hobgoblins
  2 kobolds (D:2)
  A quokka (D:1)
  3 bats
  3 frilled lizards (D:1)
  A rat (D:3)
31 creatures vanquished.

Notes
Turn   | Place    | Note
-------+----------+-------------------------------------------
     0 | D:1      | KennySheep the Naga Venom Mage began the quest for the Orb.
     0 | D:1      | Reached XP level 1. HP: 15/15 MP: 3/3
   113 | D:1      | Reached XP level 2. HP: 5/22 MP: 0/5
   897 | D:1      | Reached XP level 3. HP: 23/28 MP: 3/6
   901 | D:1      | Learned a level 3 spell: Mephitic Cloud
  1370 | D:2      | Reached skill level 5 in Poison Magic
  1680 | D:2      | Found an opulent altar of Gozag.
  1890 | D:2      | Became a worshipper of Gozag Ym Sagoz the Greedy
  2072 | D:3      | Reached XP level 4. HP: 12/36 MP: 7/7
  2074 | D:3      | Slain by a gnoll

Illustrated notes

Levels and vault maps discovered:
D:1:      beargit_arrival_greenhouse, layout_basic
D:2:      layout_basic, basic_altar
D:3:      layout_basic, uniq_terence

Skill      XL: |  1  2  3 |
---------------+----------+-----
Poison Magic   | 5 |  5.4
Stealth        | 4 |  4.2
Dodging        | |  1.5
Spellcasting   | |  2.5
Transmutations | |  1.0

Action                   |  1- 3 |  4- 6 || total
-------------------------+-------+-------++-------
Melee: Unarmed           |    11 |       ||    11
       Dagger            |    16 |       ||    16
       Punch             |     1 |       ||     1
 Cast: Sting             |    59 |     3 ||    62
  Use: Potion            |     1 |       ||     1
Armor: Robe              |     6 |       ||     6
Dodge: Dodged            |    27 |       ||    27

Table legend: (Time is in decaauts)
 A = Elapsed time spent in this place.
 B = Non-inter-level travel time spent in this place.
 C = Inter-level travel time spent in this place.
 D = Time resting spent in this place.
 E = Time spent auto-exploring this place.
 F = Levels seen in this place.
 G = Mean time per level.
                   A        B        C        D        E       F      G
               +--------+--------+--------+--------+--------+-----+--------+
         Total |   2608 |   2379 |    229 |    100 |   1996 |   3 |  869.3 |
       Dungeon |   2608 |   2379 |    229 |    100 |   1996 |   3 |  869.3 |
               +--------+--------+--------+--------+--------+-----+--------+

Top non-repeatable levels by time:
     D:1: 1258 daAuts
     D:2: 1206 daAuts
     D:3: 143 daAuts
